AoeStats
← DesertFox

Glade

510425225Analyzed
1v1 RM · 3d ago on Oct 1, 2026· 57m 1s· 2 players
Game mode
Random Map
Map size
Tiny (2 player)
Population
200
Speed
Normal
Resources
Standard
Victory
Conquest
Starting age
Dark Age
Ending age
Imperial Age
RankedLock teamsTeams togetherTeam positionsShared explorationLock speedFull tech treeHidden civsTurbo modeCheats
Victory
Defeat
🇺🇸 Koreans · United States
1064
+15
🇬🇧 Romans · United Kingdom
1046
-15
Hoveringpuppy
10:37 Feudal Age
11:07 Double-Bit Axe
10:46 Man-at-Arms
20:13 Castle Age
18:00 Loom
19:00 Scale Mail Armor
19:08 Horse Collar
20:12 Forging
21:13 Bow Saw
21:16 Gold Mining
26:11 Wheelbarrow
34:16 Imperial Age
34:14 Ballistas
34:10 Stone Mining
41:47 Masonry
42:02 Bloodlines
41:52 Husbandry
44:43 Cavalier
46:30 Gold Shaft Mining
47:01 Architecture
47:49 Scale Barding Armor
48:20 Iron Casting
48:52 Hand Cart
48:46 Elite Skirmisher
49:30 Elite Skirmisher
50:51 Guilds
50:36 Pikeman
52:09 Chain Barding Armor
51:41 Fletching
54:04 Plate Barding Armor
53:25 Bodkin Arrow
53:26 Light Cavalry
53:39 Pikeman
56:14 Blast Furnace
DesertFox
10:43 Feudal Age
11:13 Loom
18:26 Castle Age
16:50 Fletching
17:36 Stone Mining
17:33 Double-Bit Axe
19:11 Bodkin Arrow
21:11 Stone Shaft Mining
30:10 Wheelbarrow
29:55 Gold Mining
31:18 Gold Shaft Mining
34:26 Imperial Age
32:13 Hand Cart
33:18 Horse Collar
33:49 Bow Saw
37:24 Siege Engineers
38:57 Masonry
41:12 Two-Man Saw
40:51 Shinkichon
40:58 Shinkichon
41:15 Ballistics
41:56 Chemistry
41:27 Architecture
41:06 Town Watch
41:52 Heavy Rocket Cart
43:02 Bracer
43:53 Arrowslits
43:46 Light Cavalry
44:28 Husbandry
44:35 Scale Barding Armor
44:41 Forging
44:38 Squires
44:00 Man-at-Arms
45:57 Hussar
47:31 Chain Barding Armor
47:46 Iron Casting
51:08 Elite War Wagon
Connection lost

Rejoining the realm…

Still unreachable

The connection could not be restored.

Session expired

The server has moved on; the page needs a fresh start.